 Dungeon Crawl Stone Soup version 0.15-a0-1329-gd2077ff (webtiles) character file.

9987 HenryFlower the Basher (level 11, -5/113 HPs)
             Began as an Ogre Abyssal Knight on June 7, 2014.
             Was the Champion of Lugonu.
             Slain by a hill giant
             ... wielding a +0,+0 giant club
              (15 damage)
             ... on Level 10 of the Dungeon.
             The game lasted 00:46:15 (18428 turns).

HenryFlower the Basher (Ogre Abyssal Knight)       Turns: 18428, Time: 00:46:15

HP  -5/113       AC  6     Str 19      XL: 11   Next: 55%
MP  34/34        EV 12     Int 10 (11) God: Lugonu [******]
Gold 657         SH  0     Dex  9 (12) Spells:  0 memorised, 10 levels left

rFire  . . .     SeeInvis .     a - +1 giant spiked club
rCold  . . .     Clarity  .     b - +0 robe
rNeg   . . .     rCorr    .     (shield restricted)
rPois  .         rRot     .     (helmet restricted)
rElec  .         Spirit   .     i - +2 cloak
SustAb .         Warding  .     (gloves unavailable)
rMut   .         Stasis   .     (boots unavailable)
Gourm  +                        w - amulet of the gourmand
MR     +....                    e - ring of magical power
                                J - ring of wizardry

@: somewhat resistant to hostile enchantments, very unstealthy
A: unfitting armour, mutation resistance 1, tough skin 1
a: Depart the Abyss, Bend Space, Banish, Corrupt, Enter the Abyss, Renounce
Religion


You were on level 10 of the Dungeon.
You worshipped Lugonu.
Lugonu was exalted by your worship.
You were very full.

You visited 1 branch of the dungeon, and saw 11 of its levels.
You visited the Abyss 1 time.

You collected 657 gold pieces.

Inventory:

Hand weapons
 a - a +1,+1 giant spiked club (weapon)
 h - the +6,+1 hammer of the Mind {venom, +Blink rC++}
   (You found it on level 4 of the Dungeon)

   It poisons the flesh of those it strikes.
   It greatly protects you from cold.
   It lets you blink.
 t - a cursed -3 blowgun
 B - a +2,+3 whip of freezing
Missiles
 F - 8 tomahawks (quivered)
 Q - 10 poisoned needles
Armour
 b - a +0 robe (worn)
 i - a +2 cloak (worn)
Magical devices
 f - a wand of flame (0)
 k - a wand of invisibility (7)
 l - a wand of fireball (2)
 m - a wand of digging (9)
 s - a wand of fireball (1)
 u - a wand of draining (1)
 v - a wand of digging (6)
 x - a wand of disintegration (12)
 D - a wand of magic darts (3)
 E - a wand of polymorph (11)
 H - a wand of slowing (7)
 K - a wand of fire (0)
 R - a wand of teleportation (4)
Comestibles
 c - 5 meat rations
 j - 4 beef jerkies
 z - 3 bread rations
 I - 7 fruits
 L - 6 royal jellies
Scrolls
 d - a scroll of magic mapping
 p - 2 scrolls of remove curse
 y - a scroll of vulnerability
 A - 2 scrolls of amnesia
 O - 2 scrolls of recharging
 P - a scroll of blinking
Jewellery
 e - a ring of magical power (right hand)
 q - an uncursed amulet of guardian spirit
 w - an amulet of the gourmand (around neck)
 C - an uncursed ring of flight
 J - a ring of wizardry (left hand)
 S - an uncursed ring of ice
Potions
 n - 3 potions of restore abilities
 o - 2 potions of curing
 M - a potion of porridge
Books
 g - a book of the Earth

   Spells                             Type                      Level
   Leda's Liquefaction                Hexes/Earth                  4
   Bolt of Magma                      Conjuration/Fire/Earth       5
   Statue Form                        Transmutation/Earth          6
   Iron Shot                          Conjuration/Earth            6
   Shatter                            Earth                        9
 G - a book of Power

   Spells                             Type                      Level
   Fulminant Prism                    Conjuration/Hexes            4
   Iskenderun's Mystic Blast          Conjuration                  4
   Venom Bolt                         Conjuration/Poison           5
   Bolt of Magma                      Conjuration/Fire/Earth       5
   Iron Shot                          Conjuration/Earth            6
   Orb of Destruction                 Conjuration                  7
Miscellaneous
 N - a phial of floods


   Skills:
 - Level 8.3 Fighting
 + Level 14.7 Maces & Flails
 - Level 8.0 Dodging
 - Level 10.0 Invocations


You had 10 spell levels left.
You didn't know any spells.

Dungeon Overview and Level Annotations

Branches:
Dungeon (11/15)            Temple (0/1) D:4             Orc (0/4) D:10
   Lair (0/8) D:9

Altars:
Elyvilon
Gozag
Kikubaaqudgha
Nemelex Xobeh
Qazlal
Sif Muna
Yredelemnul
The Shining One

Annotations:
D:4 gw's ghost, average OgBe


Innate Abilities, Weirdness & Mutations

You are too large for most types of armour.
You have tough skin (AC +1).
You are somewhat resistant to further mutation.


Message History

The hill giant is heavily wounded.
The hill giant hits you with a giant club!!
* * * LOW HITPOINT WARNING * * *
You hit the hill giant.
The hill giant is severely wounded.
The hill giant hits you with a giant club!
* * * LOW HITPOINT WARNING * * *
Unknown command.
You hit the hill giant but do no damage.
The hill giant is severely wounded.
The hill giant hits you with a giant club!!
* * * LOW HITPOINT WARNING * * *
Unknown command.
Drink which item? (? for menu, Esc to quit)
Okay, then.
Unknown command.
You completely miss the hill giant.
The hill giant is severely wounded.
The hill giant hits you with a giant club!
You die...

8###
#.######.##......#
.≈≈###.#
#.##......#
8≈≈≈##.#
#.#########
#≈≈≈≈#.# #.#
##.≈≈### #.#
.#.≈≈≈# #.#
.#.≈≈########.#####
##.≈≈#.##.........#
#.≈≈##.........C@.#
≈≈##.##..........#
###..###.........#
##....# #.........#
#>....# #.........#
#.....# #[........#
#.....# #.........#
####### #.........#
###########


You could see a hill giant.

Vanquished Creatures
  Pikel (D:3)
  3 hill giants (D:10)
  A komodo dragon (D:9)
  3 feature mimics (D:10)
  Prince Ribbit (D:6)
  A wyvern (D:10)
  A hill giant zombie (D:8)
  2 yaks (D:9)
  Eustachio (D:6)
  2 wolves (D:9)
  A soldier ant (D:9)
  6 orc warriors
  4 ice beasts
  A black bear (D:10)
  3 phantoms
  9 centaurs
  3 sky beasts
  A yellow wasp (D:9)
  2 ogres (D:8)
  A necrophage (D:5)
  Sigmund (D:4)
  2 big kobolds
  A brain worm (D:9)
  Blork the orc (D:4)
  2 giant frogs
  2 jellies (D:9)
  3 killer bees (D:7)
  2 scorpions
  An electric eel (D:9)
  2 goliath beetles
  A troll skeleton (D:10)
  8 crimson imps
  A giant frog zombie (D:5)
  A quasit (D:10)
  2 gnoll shamans (D:8)
  An iron imp (D:6)
  An elf zombie (D:10)
  8 hounds
  Crazy Yiuf (D:4)
  10 orc priests
  A black bear zombie (D:8)
  3 big fish (D:9)
  14 orc wizards
  3 iguanas
  Natasha (twice) (D:6)
  A black bear skeleton (D:10)
  A centaur skeleton (D:5)
  6 worker ants
  A yak simulacrum (D:9)
  Ijyb (D:5)
  A crocodile zombie (D:10)
  A hound skeleton (D:4)
  A worker ant zombie (D:8)
  A hound simulacrum (D:9)
  18 adders
  11 gnolls (D:8)
  2 orc skeletons
  4 white imps (D:9)
  An inept feature mimic (D:7)
  2 giant mites
  3 shadow imps
  2 worms
  2 ufetubi (D:9)
  An adder skeleton (D:5)
  An adder zombie (D:8)
  An orc simulacrum (D:9)
  5 giant geckos
  2 oozes
  54 orcs
  3 ball pythons
  A bat zombie (D:5)
  4 giant cockroaches
  7 goblins
  18 hobgoblins
  5 quokkas
  15 bats
  4 giant newts
  A hobgoblin zombie (D:6)
  A jackal zombie (D:7)
  18 kobolds
  A kobold skeleton (D:4)
  22 rats
  A rat zombie (D:5)
  12 ballistomycetes (D:7)
  A fungus (D:4)
  A plant (D:9)
359 creatures vanquished.

Vanquished Creatures (others)
  3 slaves (D:4)
  A worker ant (D:4)
  An orc wizard (D:4)
  Natasha (D:6)
  4 orcs (D:4)
  A giant spore (D:7)
  A fungus (D:4)
12 creatures vanquished.

Grand Total: 371 creatures vanquished

Notes
Turn   | Place    | Note
--------------------------------------------------------------
     0 | Abyss:1  | HenryFlower, the Ogre Abyssal Knight, began the quest for the Orb.
     0 | Abyss:1  | Reached XP level 1. HP: 24/24 MP: 1/1
    99 | Abyss:1  | Noticed an eidolon
   101 | D:1      | Escaped the Abyss
   528 | D:1      | Reached XP level 2. HP: 32/32 MP: 2/2
   825 | D:1      | Acquired Lugonu's first power
  1246 | D:2      | Reached XP level 3. HP: 39/39 MP: 4/4
  1617 | D:2      | Found a basalt altar of Yredelemnul.
  1876 | D:2      | Found a stormy altar of Qazlal.
  2068 | D:2      | Reached skill level 5 in Maces & Flails
  2136 | D:2      | Reached XP level 4. HP: 29/48 MP: 1/5
  3150 | D:3      | Reached skill level 6 in Maces & Flails
  3150 | D:3      | Reached XP level 5. HP: 27/54 MP: 6/8
  3331 | D:3      | Acquired Lugonu's second power
  3393 | D:4      | Noticed Crazy Yiuf
  3402 | D:4      | Killed Crazy Yiuf
  3406 | D:4      | Got a shimmering hammer
  3411 | D:4      | Identified the +6,+1 hammer of the Mind {venom, +Blink rC++} (You found it on level 4 of the Dungeon)
  3617 | D:4      | Noticed a slave
  3618 | D:4      | Noticed a slave
  3618 | D:4      | Noticed a slave
  3619 | D:4      | Noticed a slave
  3621 | D:4      | Noticed gw's ghost (average OgBe)
  3623 | D:4      | Noticed Pikel
  3920 | D:3      | Killed Pikel
  3920 | D:3      | Reached skill level 9 in Maces & Flails
  3920 | D:3      | Reached XP level 6. HP: 17/62 MP: 9/11
  3920 | D:3      | Reached XP level 7. HP: 19/70 MP: 10/13
  4199 | D:3      | Reached skill level 5 in Invocations
  4316 | D:4      | Killed a freed slave
  4429 | D:4      | Killed a freed slave
  4486 | D:4      | Noticed Blork the orc
  4491 | D:4      | Killed Blork the orc
  4507 | D:4      | Noticed Sigmund
  4527 | D:4      | Killed Sigmund
  4599 | D:4      | Reached XP level 8. HP: 36/78 MP: 15/15
  5039 | D:4      | Found a staircase to the Ecumenical Temple.
  5117 | D:4      | Reached skill level 10 in Maces & Flails
  5133 | D:4      | Killed a freed slave
  5705 | D:5      | Entered Level 5 of the Dungeon
  5727 | D:5      | Acquired Lugonu's third power
  5969 | D:5      | Noticed Ijyb
  5998 | D:5      | Killed Ijyb
  6279 | D:5      | Found an ancient bone altar of Kikubaaqudgha.
  6795 | D:5      | Reached skill level 5 in Fighting
  7186 | D:6      | Noticed Eustachio
  7368 | D:6      | Acquired Lugonu's fourth power
  7414 | D:6      | Killed Eustachio
  7414 | D:6      | Reached XP level 9. HP: 78/89 MP: 19/19
  8051 | D:6      | Noticed Prince Ribbit
  8084 | D:6      | Killed Prince Ribbit
  8604 | D:6      | Noticed Natasha
  8614 | D:6      | Killed Natasha
  8661 | D:6      | Noticed Natasha
  8668 | D:6      | Killed Natasha
  8751 | D:6      | Noticed Natasha
  8784 | D:6      | Killed Natasha
  9262 | D:6      | Upgraded the game from 0.15-a0-1315-g4299ffc to 0.15-a0-1329-gd2077ff
  9652 | D:7      | Reached skill level 5 in Dodging
  9687 | D:7      | Found an opulent altar of Gozag.
  9935 | D:7      | Found a sparkling altar of Nemelex Xobeh.
 10282 | D:7      | Gained mutation: You are somewhat resistant to further mutation. [potion of beneficial mutation]
 10385 | D:7      | Found a glowing golden altar of the Shining One.
 10519 | D:7      | Found a white marble altar of Elyvilon.
 10635 | D:8      | Acquired Lugonu's fifth power
 11038 | D:8      | Reached XP level 10. HP: 97/104 MP: 22/22
 11152 | D:8      | Reached skill level 11 in Maces & Flails
 13311 | D:9      | Reached skill level 12 in Maces & Flails
 13928 | D:9      | Found a staircase to the Lair.
 13960 | D:9      | Reached skill level 10 in Invocations
 15169 | D:10     | Entered Level 10 of the Dungeon
 15211 | D:10     | Reached XP level 11. HP: 86/113 MP: 25/25
 15622 | D:10     | Noticed a hill giant
 15658 | D:10     | Killed a hill giant
 15945 | D:10     | Reached skill level 13 in Maces & Flails
 16247 | D:10     | Noticed a hill giant
 16250 | D:10     | Killed a hill giant
 16849 | D:10     | Found a staircase to the Orcish Mines.
 16938 | D:10     | Reached skill level 14 in Maces & Flails
 17930 | D:10     | Noticed a hill giant
 17971 | D:10     | Killed a hill giant
 18069 | D:10     | Found a deep blue altar of Sif Muna.
 18423 | D:10     | Noticed a hill giant
 18428 | D:10     | Slain by a hill giant

Action                   |  1- 3 |  4- 6 |  7- 9 | 10-12 || total
-------------------------+-------+-------+-------+-------++-------
Melee: Mace              |   100 |    85 |       |       ||   185
       Hammer            |       |    24 |       |    15 ||    39
       Whip              |       |       |   712 |   544 ||  1256
       Giant spiked club |       |       |       |   221 ||   221
Throw: Tomahawk          |       |       |     1 |       ||     1
Invok: Depart the Abyss  |     1 |       |       |       ||     1
Evoke: Wand              |       |     1 |     9 |    26 ||    36
  Use: Scroll            |       |     4 |    20 |    11 ||    35
       Potion            |       |     4 |     8 |     7 ||    19
